cohdb
Replays
Latest Replays
All Replays
Popular Replays
Top Player Replays
Match Explorer
How It Works
Community
CoH3 Stats
Reddit
Sign in to upload your games and track your stats! →
Sign in with Steam
Match 41070122
Unlisted
Match 41070122
Overview
Messages
Build Orders
End
Construct Barracks
Selects Armored Battlegroup
Selects Veteran Crews
1⁄4-ton 4x4 Truck
1⁄4-ton 4x4 Truck
1⁄4-ton 4x4 Truck
1⁄4-ton 4x4 Truck
Mechanized Support Center
Construct Motor Pool
Designate Forward Repair Station
Rapid Repairs
Engineer Squad
Selects M31 Recovery Vehicle
Selects Fast Deploy
M24 Chaffee Light Tank
Riflemen Squad
M24 Chaffee Light Tank
Engineer Squad
Designate Forward Repair Station
M24 Chaffee Light Tank
M24 Chaffee Light Tank
M31 Recovery Vehicle
Selects War Machine
Improvised Armor
Selects Seek and Destroy
M8 Greyhound Armored Car
Kylen
runningDuck
Ducky
CiCRistoRyti
⎛⎝.⎛⓿⏝⏝⓿⎞.⎠⎞
100*
Final_Ant
QAQ
0
0
Comments
sign in to comment!
No comments posted yet!